 Dungeon Crawl Stone Soup version 0.29.0-4-gdea44cf6ec (webtiles) character file.

Game seed: 8339133826118177515

872 qw the Chopper (level 8, -9/49 HPs)
             Began as a Gargoyle Fighter on Sept 8, 2022.
             Was an Initiate of Okawaru.
             Mangled by a brown ugly thing (15 damage)
             ... on level 6 of the Dungeon.
             The game lasted 00:02:25 (6261 turns).

qw the Chopper (Gargoyle Fighter)                   Turns: 6261, Time: 00:02:25

Health: -9/49      AC: 13    Str: 23    XL:     8   Next: 4%
Magic:  8/8        EV:  8    Int:  8    God:    Okawaru [......]
Gold:   62         SH:  4    Dex:  9    Spells: 7/7 levels left

rFire   . . .      SeeInvis .   Y - +1 war axe (chaos)
rCold   . . .      Faith    .   c - +0 buckler
rNeg    + . .      Spirit   .   p - +0 chain mail
rPois   inf        Reflect  .   (no helmet)
rElec   +          Harm     .   (no cloak)
rCorr   .          Rampage  .   q - +2 pair of gloves
Will    +....                   (no boots)
Stlth   ..........              (no amulet)
HPRegen 0.16/turn               e - ring of willpower
MPRegen 0.11/turn               (no ring)

@: about to teleport, corroded
A: sickness immunity, AC +5, negative energy resistance 1, electricity
resistance, torment resistance 1, petrification resistance
a: Renounce Religion


You were on level 6 of the Dungeon.
You worshipped Okawaru.
Okawaru was noncommittal.
You visited 2 branches of the dungeon, and saw 7 of its levels.

You collected 358 gold pieces.
You spent 296 gold pieces at shops.


Innate Abilities, Weirdness & Mutations

You are immune to sickness and miasma.
Your stone body is resilient. (AC +5)
You are immune to poison.
You resist negative energy. (rN+)
You are resistant to electric shocks. (rElec)
You are resistant to unholy torment.
You are immune to petrification.


   Skills:
 - Level 5.0 Fighting
 - Level 7.0 Axes
 + Level 0.1 Throwing
 - Level 3.2 Armour
 - Level 2.2 Dodging
 - Level 3.2 Shields


You had 7 spell levels left.
You didn't know any spells.
Your spell library was empty.

Inventory:

Hand Weapons
 l - a +0 flail
 Y - a +1 war axe of chaos (weapon)
Missiles
 a - 3 boomerangs (quivered)
Armour
 c - a +0 buckler (worn)
 p - a +0 chain mail (worn)
 q - a +2 pair of gloves (worn)
Jewellery
 e - a ring of willpower (left hand)
Scrolls
 o - 7 scrolls of identify
Potions
 d - 3 potions of might
 h - a potion of lignification
 i - a potion of haste
 k - 3 potions of mutation
 m - a potion of attraction
 n - 2 potions of curing

Dungeon Overview and Level Annotations

Branches:
Dungeon (6/15)             Temple (1/1) D:6

Altars:
Fedhas
Kikubaaqudgha
Okawaru
Sif Muna
Trog
Xom

Shops:
D:3 ?   D:5 ?


Message History

Enter note:
There is a stone staircase leading down here.
A brown ugly thing comes into view.
The brown ugly thing gurgles horribly!
You hit the brown ugly thing but do no damage.
The brown ugly thing trunk-slaps you but does no damage.
You barely miss the brown ugly thing.
The brown ugly thing closely misses you. x2
You barely miss the brown ugly thing.
The brown ugly thing trunk-slaps you but does no damage.
You slice the brown ugly thing!! You freeze the brown ugly thing.
The brown ugly thing is moderately wounded.
The brown ugly thing trunk-slaps you.
You are splashed with acid!
You closely miss the brown ugly thing.
The brown ugly thing is moderately wounded.
The brown ugly thing trunk-slaps you but does no damage.
You closely miss the brown ugly thing.
The brown ugly thing is moderately wounded.
The brown ugly thing trunk-slaps you. The acid corrodes you!
You are splashed with acid!
You barely miss the brown ugly thing.
The brown ugly thing is moderately wounded.
You block the brown ugly thing's attack.
The brown ugly thing trunk-slaps you but does no damage.
You slash the brown ugly thing!
The brown ugly thing easily resists.
The brown ugly thing is heavily wounded.
The brown ugly thing trunk-slaps you but does no damage.
You hit the brown ugly thing.
The brown ugly thing seems to grow stronger.
The brown ugly thing is heavily wounded.
The brown ugly thing barely misses you.
You slash the brown ugly thing!
The brown ugly thing looks as sick as possible!
The brown ugly thing is severely wounded.
The brown ugly thing trunk-slaps you!
You are splashed with acid!
6261 ||| READING scroll of teleportation.
As you read the scroll of teleportation, it crumbles to dust.
You feel strangely unstable. The brown ugly thing trunk-slaps you!
You die...

#.##.....##
#.)##...## ..<.#####
## #..##...### .###
......... . . #...
#.####.####.###..# #
#....)......##..# .#
...............###.#
#####..######...@u#
#..# #.#...# #..#
#.##..# ##..#
#.###... #...# #.#
#### ## #..## #.#
.###..# #.# ......#
#.# .##...# #.#


You could see a brown ugly thing (strong, extremely poisoned).

Vanquished Creatures
  A vampire (D:6)
  A steam dragon (D:4)
  A black bear (D:5)
  A bullfrog (D:6)
  A hound (D:4)
  3 orc priests
  An iguana (D:4)
  An orc wizard (D:6)
  7 gnolls
  A river rat (D:5)
  8 adders
  4 worms
  4 dart slugs
  10 orcs
  6 endoplasms
  6 giant cockroaches
  10 goblins
  6 hobgoblins
  8 quokkas
  9 ball pythons
  5 bats
  3 frilled lizards
  7 kobolds
  10 rats
114 creatures vanquished.

Notes
Turn   | Place    | Note
-------+----------+-------------------------------------------
     0 | D:1      | qw the Gargoyle Fighter began the quest for the Orb.
     0 | D:1      | Reached XP level 1. HP: 14/14 MP: 1/1
     0 | D:1      | 0 ||| qw: Version: 0.1-a-112-g44dc6cd
     0 | D:1      | 0 ||| qw: Game counter: 6696
     0 | D:1      | 0 ||| qw: Always use a shield: true
     0 | D:1      | 0 ||| qw: God list: Okawaru
     0 | D:1      | 0 ||| qw: Allow faded altars: false
     0 | D:1      | 0 ||| qw: Do Orc after D:15 true
     0 | D:1      | 0 ||| qw: Do second Lair branch before Depths: true
     0 | D:1      | 0 ||| qw: Lair rune preference: random
     0 | D:1      | 0 ||| qw: Plans: Normal, Zot, God:TSO, Crypt, Tomb, Zig,
                  | Orb
     0 | D:1      | 0 ||| PLANNING D:1-11
    44 | D:1      | Reached skill level 2 in Axes
   223 | D:1      | 223 ||| Stepping ~*~*~tactically~*~*~ (stealth).
   224 | D:1      | 224 ||| Stepping ~*~*~tactically~*~*~ (stealth).
   226 | D:1      | 226 ||| Stepping ~*~*~tactically~*~*~ (stealth).
   228 | D:1      | Reached XP level 2. HP: 19/19 MP: 2/2
   231 | D:1      | 231 ||| Stepping ~*~*~tactically~*~*~ (stealth).
   379 | D:1      | Found a faded altar of an unknown god.
   580 | D:1      | 580 ||| Stepping ~*~*~tactically~*~*~ (hiding).
   587 | D:1      | Reached skill level 3 in Axes
   693 | D:1      | 693 ||| Stepping ~*~*~tactically~*~*~ (hiding).
   701 | D:1      | Reached XP level 3. HP: 23/23 MP: 3/3
  1170 | D:1      | 1170 ||| DROPPING +0 club.
  1307 | D:1      | 1307 ||| READING 2 scrolls labelled KOFIQO NUORELU.
  1308 | D:1      | 1308 ||| READING scroll labelled GAAKHE CEL.
  1309 | D:1      | 1309 ||| READING scroll labelled JEODEYGGIBB.
  1310 | D:1      | 1310 ||| DROPPING scroll of butterflies.
  1342 | D:2      | 1342 ||| Stepping ~*~*~tactically~*~*~ (stealth).
  1892 | D:2      | 1892 ||| FLEEEEING.
  1893 | D:2      | 1893 ||| FLEEEEING.
  1894 | D:2      | 1894 ||| FLEEEEING.
  1903 | D:2      | Reached XP level 4. HP: 21/28 MP: 4/4
  1950 | D:2      | 1950 ||| FLEEEEING.
  1953 | D:2      | 1953 ||| Stepping ~*~*~tactically~*~*~ (stealth).
  1954 | D:2      | 1954 ||| Stepping ~*~*~tactically~*~*~ (stealth).
  1957 | D:2      | 1957 ||| Stepping ~*~*~tactically~*~*~ (stealth).
  1985 | D:2      | 1985 ||| DROPPING +0 whip.
  1998 | D:2      | Reached skill level 4 in Axes
  2034 | D:2      | 2034 ||| FLEEEEING.
  2035 | D:2      | 2035 ||| FLEEEEING.
  2100 | D:2      | 2100 ||| Stepping ~*~*~tactically~*~*~ (stealth).
  2102 | D:2      | 2102 ||| Stepping ~*~*~tactically~*~*~ (stealth).
  2113 | D:2      | 2113 ||| Stepping ~*~*~tactically~*~*~ (stealth).
  2511 | D:2      | 2511 ||| DROPPING orb of guile.
  2512 | D:2      | 2512 ||| READING scroll labelled RUFEFULAEPT.
  2513 | D:2      | 2513 ||| READING scroll labelled CONONU SEVU.
  2514 | D:2      | 2514 ||| READING 2 scrolls labelled FOARU TUAROC.
  2518 | D:2      | 2518 ||| READING scroll labelled AWNOSM VEUR.
  2519 | D:2      | 2519 ||| DRINKING 2 coppery potions.
  2520 | D:2      | 2520 ||| DROPPING potion of degeneration.
  2566 | D:3      | 2566 ||| Stepping ~*~*~tactically~*~*~ (stealth).
  2567 | D:3      | 2567 ||| Stepping ~*~*~tactically~*~*~ (stealth).
  2641 | D:3      | Reached XP level 5. HP: 32/32 MP: 5/5
  2807 | D:3      | Found Hioqas's Magic Scroll Emporium.
  2817 | D:3      | 2817 ||| BUYING scroll of enchant armour (82 gold).
  2817 | D:3      | Bought a scroll of enchant armour for 82 gold pieces
  2817 | D:3      | 2817 ||| BUYING scroll of identify (22 gold).
  2817 | D:3      | Bought a scroll of identify for 22 gold pieces
  2817 | D:3      | 2817 ||| BUYING scroll of identify (22 gold).
  2817 | D:3      | Bought a scroll of identify for 22 gold pieces
  2817 | D:3      | 2817 ||| BUYING scroll of identify (22 gold).
  2817 | D:3      | Bought a scroll of identify for 22 gold pieces
  2817 | D:3      | 2817 ||| BUYING scroll of identify (22 gold).
  2817 | D:3      | Bought a scroll of identify for 22 gold pieces
  2817 | D:3      | 2817 ||| SHOPLISTING scroll of teleportation (33 gold, have
                  | 18).
  2881 | D:3      | 2881 ||| Stepping ~*~*~tactically~*~*~ (stealth).
  2882 | D:3      | 2882 ||| Stepping ~*~*~tactically~*~*~ (stealth).
  3122 | D:3      | Found a blossoming altar of Fedhas.
  3474 | D:3      | Found a shimmering altar of Xom.
  3478 | D:3      | Found a bloodstained altar of Trog.
  3507 | D:3      | 3507 ||| UPGRADING to +1 pair of gloves.
  3512 | D:3      | 3512 ||| READING scroll of enchant armour.
  3512 | D:3      | 3512 ||| ENCHANTING +1 pair of gloves.
  3513 | D:3      | 3513 ||| READING scroll labelled TAIGAG LUI.
  3514 | D:3      | 3514 ||| READING scroll labelled OSASEA IJEST.
  3515 | D:3      | 3515 ||| DRINKING 2 fizzy purple potions.
  3516 | D:3      | 3516 ||| DRINKING 2 inky potions.
  3517 | D:3      | 3517 ||| READING 8 scrolls of identify.
  3517 | D:3      | 3517 ||| IDENTIFYING pink potion
  3518 | D:3      | 3518 ||| READING 7 scrolls of identify.
  3518 | D:3      | 3518 ||| IDENTIFYING fizzy silvery potion
  3519 | D:3      | 3519 ||| READING 6 scrolls of identify.
  3519 | D:3      | 3519 ||| IDENTIFYING fizzy dark potion
  3520 | D:3      | 3520 ||| READING 5 scrolls of identify.
  3520 | D:3      | 3520 ||| IDENTIFYING metallic emerald potion
  3521 | D:3      | 3521 ||| READING 4 scrolls of identify.
  3521 | D:3      | 3521 ||| IDENTIFYING fizzy yellow potion
  3522 | D:3      | 3522 ||| DROPPING potion of magic.
  3584 | D:4      | 3584 ||| Stepping ~*~*~tactically~*~*~ (stealth).
  3601 | D:4      | Reached skill level 5 in Axes
  3775 | D:4      | 3775 ||| Stepping ~*~*~tactically~*~*~ (hiding).
  4023 | D:4      | 4023 ||| Stepping ~*~*~tactically~*~*~ (stealth).
  4028 | D:4      | 4028 ||| Stepping ~*~*~tactically~*~*~ (stealth).
  4038 | D:4      | HP: 7/33 [gnoll/+1 whip of pain (7)]
  4039 | D:4      | 4039 ||| READING scroll of teleportation.
  4040 | D:4      | 4040 ||| DRINKING 2 potions of heal wounds.
  4042 | D:4      | Reached XP level 6. HP: 38/38 MP: 6/6
  4127 | D:4      | 4127 ||| DROPPING +2 mace of holy wrath.
  4218 | D:4      | Noticed a steam dragon
  4219 | D:4      | 4219 ||| Stepping ~*~*~tactically~*~*~ (hiding).
  4230 | D:4      | HP: 6/38 [steam dragon (4)]
  4231 | D:4      | 4231 ||| DRINKING potion of heal wounds.
  4236 | D:4      | Killed a steam dragon
  4687 | D:4      | 4687 ||| UPGRADING to +0 chain mail.
  4697 | D:4      | 4697 ||| DROPPING +0 scale mail.
  4698 | D:4      | 4698 ||| DROPPING amulet of magic regeneration.
  4699 | D:4      | 4699 ||| READING 2 scrolls labelled PASTRU RANIJ.
  4700 | D:4      | 4700 ||| READING scroll labelled ZOSYUL FIMAI.
  4701 | D:4      | 4701 ||| DROPPING scroll of poison.
  4733 | D:5      | Entered Level 5 of the Dungeon
  4734 | D:5      | 4734 ||| PLANNING SEWER
  4809 | D:5      | 4809 ||| Stepping ~*~*~tactically~*~*~ (hiding).
  5007 | D:5      | Noticed a black bear
  5008 | D:5      | 5008 ||| Stepping ~*~*~tactically~*~*~ (stealth).
  5016 | D:5      | Killed a black bear
  5017 | D:5      | Reached skill level 6 in Axes
  5017 | D:5      | Reached XP level 7. HP: 32/43 MP: 7/7
  5132 | D:5      | Found Lacicsaylu's Magic Scroll Shoppe.
  5138 | D:5      | 5138 ||| BUYING scroll of identify (28 gold).
  5138 | D:5      | Bought a scroll of identify for 28 gold pieces
  5138 | D:5      | 5138 ||| BUYING scroll of identify (28 gold).
  5138 | D:5      | Bought a scroll of identify for 28 gold pieces
  5138 | D:5      | 5138 ||| BUYING scroll of identify (28 gold).
  5138 | D:5      | Bought a scroll of identify for 28 gold pieces
  5138 | D:5      | 5138 ||| BUYING scroll of teleportation (42 gold).
  5138 | D:5      | Bought a scroll of teleportation for 42 gold pieces
  5246 | D:5      | Noticed a two-headed ogre
  5458 | D:5      | 5458 ||| RIP SEWER
  5567 | D:5      | 5567 ||| PLANNING D:1-11
  5844 | D:5      | 5844 ||| UPGRADING to ring of willpower.
  5854 | D:6      | 5854 ||| STAIRDANCE
  5860 | D:6      | 5860 ||| STAIRDANCE
  5874 | D:6      | Found an ancient bone altar of Kikubaaqudgha.
  5891 | D:6      | 5891 ||| Stepping ~*~*~tactically~*~*~ (stealth).
  5893 | D:6      | 5893 ||| Stepping ~*~*~tactically~*~*~ (stealth).
  5894 | D:6      | 5894 ||| Stepping ~*~*~tactically~*~*~ (stealth).
  5896 | D:6      | 5896 ||| Stepping ~*~*~tactically~*~*~ (stealth).
  5897 | D:6      | 5897 ||| Stepping ~*~*~tactically~*~*~ (stealth).
  5907 | D:6      | Noticed a vampire
  5915 | D:6      | Killed a vampire
  5921 | D:6      | Reached skill level 7 in Axes
  5929 | D:6      | Reached XP level 8. HP: 26/48 MP: 8/8
  6151 | D:6      | Found a staircase to the Ecumenical Temple.
  6152 | D:6      | 6152 ||| PLANNING TEMPLE
  6160 | Temple   | Entered the Ecumenical Temple
  6170 | Temple   | Became a worshipper of Warmaster Okawaru
  6181 | Temple   | 6181 ||| PLANNING D:1-11
  6249 | D:6      | Noticed a brown ugly thing
  6260 | D:6      | HP: 6/49 [acid (8)]
  6261 | D:6      | 6261 ||| READING scroll of teleportation.
  6261 | D:6      | Mangled by a brown ugly thing

Levels and vault maps discovered:
D:1:      shiori_shiawase, layout_loops_ring, ebering_ecumenical_altar_box,
          nicolae_titane
D:2:      layout_basic, serial_corexii_hall, corexii_hall_statues_x,
          corexii_hall_statues_l, minmay_joined_circles
D:3:      layout_loops_cross, lemuel_coloured_pillars_altar, minitemple,
          serial_shops, shop, serial_glass, glass_columns_a, glass_columns_a,
          serial_park_tiny_2
D:4:      layout_loops_ring
D:5:      layout_loops_ring, gup_sewer_entry_spiral, serial_shops,
          nicolae_shop_trees, hangedman_decor_points, lightli_corner_chamber
D:6:      layout_loops_ring, lemuel_round_altar,
          minmay_temple_entry_antechambers, kb_rosetta
Temple:   bh_familiar_temple

Skill      XL: |  1  2  3  4  5  6  7  8 |
---------------+-------------------------+-----
Axes           | 2 3 4 5 6 7 |  7.0
Fighting       | 4 5 |  5.0
Dodging        | 2 |  2.2
Throwing       | |  0.1
Armour         | |  3.2
Shields        | |  3.2

Action                   |  1- 3 |  4- 6 |  7- 9 || total
-------------------------+-------+-------+-------++-------
Melee: War axe           |   112 |   171 |    80 ||   363
Throw: Boomerang         |       |     1 |    13 ||    14
  Use: Scroll            |     3 |    15 |     1 ||    19
       Potion            |       |     5 |       ||     5
 Stab: Confused          |       |       |     1 ||     1
Armor: Scale mail        |    57 |    72 |       ||   129
       Chain mail        |       |    17 |    44 ||    61
Dodge: Dodged            |    52 |    61 |    26 ||   139
Block: Buckler           |    20 |    20 |    11 ||    51

Table legend:
 A = Non-vault XP
 B = Vault XP
 C = Vault XP percentage of total XP
 D = Non-vault monster count
 E = Vault monster count
 F = Vault count percentage of total count
                 A         B        C        D         E       F
            +---------+---------+-------+---------+---------+-------
      Total |    1165 |      81 |   6.5 |      89 |      25 |  21.9
            +---------+---------+-------+---------+---------+-------
        D:1 |      44 |       0 |   0.0 |      23 |       0 |   0.0
        D:2 |      35 |      45 |  56.2 |      14 |      17 |  54.8
        D:3 |      61 |       0 |   0.0 |      15 |       0 |   0.0
        D:4 |     330 |       0 |   0.0 |      15 |       0 |   0.0
        D:5 |     260 |      36 |  12.2 |      14 |       8 |  36.4
        D:6 |     435 |       0 |   0.0 |       8 |       0 |   0.0
            +---------+---------+-------+---------+---------+-------
